 Dungeon Crawl Stone Soup version 0.28.0 (webtiles) character file.

Game seed: 4387492333319266087

14203 browni3141 the Cleaver (level 11, -10/101 HPs)
             Began as a Minotaur Berserker on Feb 18, 2022.
             Was a Priest of Trog.
             Mangled by an apocalypse crab (30 damage)
             ... on level 10 of the Dungeon.
             The game lasted 00:07:15 (13392 turns).

browni3141 the Cleaver (Minotaur Berserker)        Turns: 13392, Time: 00:07:16

Health: -10/101    AC: 16    Str: 26    XL:     11   Next: 85%
Magic:  10/10      EV:  8    Int:  6    God:    Trog [***...]
Gold:   616        SH:  0    Dex: 10    Spells: 10/10 levels left

rFire   + . .      SeeInvis .   m - +2 hand axe (flame)
rCold   x . .      Faith    .   z - +0 kite shield
rNeg    . . .      Spirit   .   A - +0 chain mail
rPois   .          Reflect  +   (helmet restricted)
rElec   .          Harm     .   (no cloak)
rCorr   .          Rampage  +   D - +2 pair of gloves "Wikh" {Rampage Int+2}
Will    .....                   i - +0 pair of boots
Stlth   ..........              y - amulet of reflection
HPRegen 0.26/turn               F - ring of fire
MPRegen 0.12/turn               (no ring)

@: confused, lethally poisoned (-10 -> -11), on berserk cooldown, slowed,
studying Crossbows, very slow
A: horns 2, retaliatory headbutt
a: Renounce Religion, Berserk, Trog's Hand


You were on level 10 of the Dungeon.
You worshipped Trog.
Trog was most pleased with you.
You visited 2 branches of the dungeon, and saw 12 of its levels.

You collected 786 gold pieces.
You spent 170 gold pieces at shops.


Innate Abilities, Weirdness & Mutations

You have a pair of horns on your head.
You reflexively headbutt those who attack you in melee.


   Skills:
 + Level 10.8 Fighting
 * Level 14.7 Axes
 + Level 10.6 Armour
 - Level 2.1 Dodging
 * Level 10.9 Shields


You had 10 spell levels left.
You didn't know any spells.
Your spell library was empty.

Inventory:

Hand Weapons
 a - a +0 hand axe
 m - a +2 hand axe of flaming (weapon)
Missiles
 d - 5 curare-tipped darts (quivered) {@f4}
Armour
 b - a +0 animal skin
 e - a +0 pair of gloves
 i - a +0 pair of boots (worn)
 z - a +0 kite shield (worn)
 A - a +0 chain mail (worn)
 D - the +2 pair of gloves "Wikh" (worn) {Rampage Int+2}
   (You acquired it on level 11 of the Dungeon)

   Int:       It affects your intelligence (+2).
   Rampage:   It bestows one free step when moving towards enemies.
Jewellery
 y - an amulet of reflection (around neck)
 F - a ring of fire (left hand)
Wands
 p - a wand of flame (28)
 t - a wand of digging (8)
 C - a wand of paralysis (10)
Scrolls
 f - a scroll of enchant armour
 g - 3 scrolls of noise {!r}
 j - 2 scrolls of enchant weapon
 k - 2 scrolls of fear
 n - 2 scrolls of vulnerability {!r}
 o - 3 scrolls of blinking {@r3}
 q - 4 scrolls of teleportation {@r4}
 r - 2 scrolls of magic mapping
 s - a scroll of fog {@r5}
 u - a scroll of holy word
 H - a scroll of brand weapon
 I - a scroll of silence {!r}
Potions
 c - 11 potions of heal wounds {unknown}
 h - a potion of lignification {unknown}
 l - 3 potions of degeneration {unknown}
 v - 4 potions of curing {unknown}
 w - 3 potions of might {unknown}
 x - 2 potions of flight
 B - a potion of brilliance {unknown}
 E - 2 potions of berserk rage {!q}

Dungeon Overview and Level Annotations

Branches:
Dungeon (11/15)            Temple (0/1) D:6            Lair (0/6) D:10
    Orc (1/2) D:11

Altars:
Ashenzari
Dithmenos
Elyvilon
Kikubaaqudgha
Nemelex Xobeh
Okawaru
Qazlal
Ru
Trog
Uskayaw
Vehumet
Wu Jian
Yredelemnul
Zin
Beogh

Shops:
D:1 ?   D:7 [(?( D:11

*
######################...........
...........[...................##
##+##..........................#.
#...#.............|............#.
#...#..........................#.
#...#........¦'¦¦¦¦¦¦¦¦¦¦¦¦¦¦..#.
#.).########.¦.¦............¦..'.
#..........#.¦.¦.¦¦¦¦¦¦¦¦¦¦.¦..##
'..........#.¦.¦@¦...t..†.¦.¦....
#.......####.¦.¦t¦(¦¦¦¦¦¦.¦.¦....
#.......#....¦.¦.¦( ¦.¦.¦....
#.......#....¦.¦.¦¦¦¦¦¦¦¦.¦.¦....
#.......#....¦.¦..........¦.¦....
#.......'....¦.¦¦¦¦¦¦¦¦¦¦¦¦.¦....
#.......#....¦..............¦....
#.......#....¦¦¦¦¦¦¦¦¦¦¦¦¦¦¦¦....
........#...[....................


You could see an apocalypse crab (fast).


Message History

The apocalypse crab is engulfed in seething chaos.
The apocalypse crab breathes chaos at you.
The blast of chaos engulfs you but does no damage.
You are engulfed in seething chaos.
The apocalypse crab is engulfed in seething chaos.
You block the apocalypse crab's attack. The apocalypse crab claws you!
The apocalypse crab freezes you!!
You feel a terrible chill!
The apocalypse crab breathes chaos at you.
The blast of chaos engulfs you.
You are poisoned.
You are engulfed in seething chaos.
You feel sick.
The apocalypse crab is engulfed in seething chaos.
The apocalypse crab breathes chaos at you.
The blast of chaos engulfs you!
You are confused.
The apocalypse crab is engulfed in seething chaos.
The apocalypse crab seems to speed up.
The apocalypse crab breathes chaos at you.
The blast of chaos engulfs you but does no damage.
You're too confused to move!
You feel sick.
You barely miss the apocalypse crab.
You feel sick.
The apocalypse crab bites you but does no damage.
The apocalypse crab claws you but does no damage.
The apocalypse crab bites you. The apocalypse crab freezes you!!
You feel a terrible chill!
* * * LOW HITPOINT WARNING * * *
The apocalypse crab claws you!
* * * LOW HITPOINT WARNING * * *
The apocalypse crab freezes you!!
You feel a terrible chill!
You die...

Skill      XL: |  1  2  3  4  5  6  7  8  9 10 11 |
---------------+----------------------------------+-----
Axes           | 4 5 6 7 8 10 11 13 14 | 14.7
Fighting       | 4 5 6 7 8 9 10 | 10.8
Armour         | 3 4 5 6 7 8 9 10 | 10.6
Shields        | 1 6 9 10 | 10.9
Dodging        | |  2.1

Action                   |  1- 3 |  4- 6 |  7- 9 | 10-12 || total
-------------------------+-------+-------+-------+-------++-------
Melee: Hand axe          |    96 |    70 |   136 |   250 ||   552
       Headbutt          |    10 |    15 |    20 |    58 ||   103
       Punch             |     1 |       |       |       ||     1
Throw: Dart              |       |       |     3 |       ||     3
Invok: Berserk           |       |     3 |     5 |    14 ||    22
       Trog's Hand       |       |       |     3 |     1 ||     4
  Use: Scroll            |       |       |    11 |     7 ||    18
 Stab: Sleeping          |     1 |     1 |       |       ||     2
Armor: Animal skin       |    18 |    12 |    14 |       ||    44
       Chain mail        |       |       |    37 |   105 ||   142
Dodge: Dodged            |    58 |    35 |    52 |    41 ||   186
Block: Other             |       |       |     3 |       ||     3
       Kite shield       |       |       |    35 |   156 ||   191
       Reflection        |       |       |     2 |     3 ||     5

Levels and vault maps discovered:
D:1:      moated_graveyard_arrival, layout_loops_ring, serial_shops, shop_statue
D:2:      layout_loops_ring, hellmonk_ecumenical_altar_leap_of_faith
D:3:      layout_basic, kennysheep_okawaru_gauntlet, kennysheep_cross_bottleneck
D:4:      layout_basic, mainiacjoe_overflow_24_doors, yredelemnul_altar_generic,
          patterned_corridor
D:5:      layout_loops_ring, ashenzari_altar_1, uniq_menkaure, uniq_sigmund
D:6:      layout_basic, lemuel_round_altar, minmay_temple_entry_ruins,
          minivault_11, minmay_strange_pillars, roderic_st_hans_cross
D:7:      layout_rooms, grunt_qazlal_sundering, serial_shops, shop_statue,
          nicolae_shop_behind_doors, shop_statue, nicolae_shop_statue_plus
D:8:      layout_basic, nemelex_spade_bored_becter
D:9:      layout_basic, amcnicky_altar_gilded, zin_statuary
D:10:     gammafunk_mikee_crab_dinner, layout_irregular_city,
          kiku_gazebo_garden_becter, marbit_many_paths,
          chequers_temple_overflow_minitemple, erik_lair_dragon
D:11:     layout_basic, minmay_orc_entry_temple_small, nicolae_elemental_shop
Orc:1:    layout_caves

Notes
Turn   | Place    | Note
-------+----------+-------------------------------------------
     0 | D:1      | browni3141 the Minotaur Berserker began the quest for the
                  | Orb.
     0 | D:1      | Reached XP level 1. HP: 19/19 MP: 0/0
   250 | D:1      | Reached skill level 4 in Axes
   251 | D:1      | Reached XP level 2. HP: 23/27 MP: 1/1
   743 | D:1      | Found Jidymed's Magic Scroll Shop.
   814 | D:1      | Reached ** piety under Trog
   815 | D:1      | Reached skill level 4 in Fighting
  1006 | D:2      | Reached skill level 3 in Armour
  1006 | D:2      | Reached XP level 3. HP: 30/33 MP: 2/2
  1167 | D:2      | Found a faded altar of an unknown god.
  1834 | D:3      | Reached skill level 5 in Axes
  1836 | D:3      | Reached XP level 4. HP: 40/40 MP: 3/3
  2156 | D:3      | Reached XP level 5. HP: 47/47 MP: 4/4
  2163 | D:3      | Reached *** piety under Trog
  2346 | D:3      | Found an iron altar of Okawaru.
  2746 | D:4      | Found a basalt altar of Yredelemnul.
  2833 | D:4      | Noticed an ogre
  2838 | D:4      | Killed an ogre
  2839 | D:4      | Reached skill level 5 in Fighting
  2839 | D:4      | Reached skill level 6 in Axes
  2839 | D:4      | Reached skill level 4 in Armour
  3265 | D:4      | Reached XP level 6. HP: 56/56 MP: 5/5
  3267 | D:4      | Found a hide-covered altar of Uskayaw.
  3608 | D:5      | Entered Level 5 of the Dungeon
  3634 | D:5      | Noticed Menkaure
  3643 | D:5      | Killed Menkaure
  3644 | D:5      | Reached skill level 7 in Axes
  3646 | D:5      | Reached skill level 5 in Armour
  3646 | D:5      | Reached XP level 7. HP: 47/61 MP: 6/6
  3938 | D:5      | Found a broken altar of Ashenzari.
  3954 | D:5      | Noticed Sigmund
  3966 | D:5      | Killed Sigmund
  3967 | D:5      | Reached skill level 6 in Fighting
  3967 | D:5      | Reached skill level 8 in Axes
  4561 | D:5      | Reached skill level 6 in Armour
  4824 | D:6      | Reached XP level 8. HP: 70/71 MP: 7/7
  5381 | D:6      | Found a staircase to the Ecumenical Temple.
  5430 | D:6      | You fall into a shaft and drop 2 floors!
  5456 | D:8      | Noticed a gargoyle
  5466 | D:8      | Killed a gargoyle
  5467 | D:8      | Reached skill level 7 in Fighting
  5467 | D:8      | Reached skill level 9 in Axes
  5932 | D:8      | Found a sparkling altar of Nemelex Xobeh.
  6028 | D:7      | Found a stormy altar of Qazlal.
  6081 | D:7      | Found Heunu's Magic Scroll Shop.
  6095 | D:7      | Bought a scroll of identify for 28 gold pieces
  6095 | D:7      | Bought a scroll of identify for 28 gold pieces
  6095 | D:7      | Bought a scroll of identify for 28 gold pieces
  6095 | D:7      | Bought a scroll of identify for 28 gold pieces
  6280 | D:7      | Reached skill level 10 in Axes
  6280 | D:7      | Reached skill level 7 in Armour
  6341 | D:7      | Found Pylim's Antique Weapon Emporium.
  6366 | D:7      | Found Zilaotui's Armour Boutique.
  6369 | D:7      | Bought a +0 kite shield for 58 gold pieces
  6452 | D:7      | Found Tacofef's Antique Weapon Emporium.
  6675 | D:6      | Found a shadowy altar of Dithmenos.
  6823 | D:8      | Noticed a hornet
  6831 | D:8      | Killed a hornet
  6832 | D:8      | Reached skill level 1 in Shields
  6832 | D:8      | Reached XP level 9. HP: 80/80 MP: 8/8
  7125 | D:8      | Reached skill level 2 in Shields
  7864 | D:9      | Reached skill level 8 in Fighting
  7936 | D:9      | Reached skill level 3 in Shields
  7942 | D:9      | Noticed a manticore
  7953 | D:9      | Killed a manticore
  7954 | D:9      | Reached skill level 11 in Axes
  7954 | D:9      | Reached skill level 8 in Armour
  7954 | D:9      | Reached skill level 4 in Shields
  8277 | D:9      | Found a glowing silver altar of Zin.
  8398 | D:9      | Reached skill level 5 in Shields
  8408 | D:9      | Reached skill level 6 in Shields
  8408 | D:9      | Reached XP level 10. HP: 90/90 MP: 9/9
  8409 | D:9      | Reached skill level 12 in Axes
  8630 | D:9      | Found a sacrificial altar of Ru.
  8901 | D:10     | Entered Level 10 of the Dungeon
  9095 | D:10     | Reached skill level 9 in Fighting
  9156 | D:10     | Reached skill level 7 in Shields
  9489 | D:10     | Found a bloodstained altar of Trog.
  9526 | D:10     | Reached skill level 9 in Armour
  9751 | D:10     | Found a runed translucent door.
  9757 | D:10     | Noticed a fire crab
  9804 | D:10     | Found an ancient bone altar of Kikubaaqudgha.
 10016 | D:10     | Found an ornate altar of the Wu Jian Council.
 10016 | D:10     | Found a radiant altar of Vehumet.
 10024 | D:10     | Found a faded altar of an unknown god.
 10026 | D:10     | Found a faded altar of an unknown god.
 10028 | D:10     | Found a white marble altar of Elyvilon.
 10219 | D:10     | Reached skill level 13 in Axes
 10219 | D:10     | Reached skill level 8 in Shields
 10308 | D:10     | Found a staircase to the Lair.
 10463 | D:10     | Killed a fire crab
 10647 | D:10     | Noticed a fire crab
 10647 | D:10     | Noticed an entropy weaver
 10654 | D:10     | Killed a fire crab
 10660 | D:10     | Noticed a fire crab
 10662 | D:10     | Killed an entropy weaver
 10663 | D:10     | Reached skill level 9 in Shields
 10663 | D:10     | Reached XP level 11. HP: 25/99 MP: 10/10
 10663 | D:10     | HP: 13/148 [something] (12)]
 10665 | D:10     | HP: 3/148 [something] (7)]
 11058 | D:11     | Found a staircase to the Orcish Mines.
 11147 | D:11     | Reached skill level 10 in Fighting
 11200 | D:11     | Found Wuxo's Elemental Accessories.
 11457 | D:11     | Noticed a two-headed ogre
 11466 | D:11     | Killed a two-headed ogre
 12000 | D:11     | Identified a scroll of acquirement
 12003 | D:11     | Acquired the +2 pair of gloves "Wikh" {Rampage Int+2}
 12039 | Orc:1    | Entered Level 1 of the Orcish Mines
 12064 | Orc:1    | Reached **** piety under Trog
 12242 | Orc:1    | Reached skill level 10 in Armour
 12442 | D:10     | Noticed a fire crab
 12449 | D:10     | Killed a fire crab
 12450 | D:10     | Reached skill level 14 in Axes
 12453 | D:10     | Killed a fire crab
 12454 | D:10     | Reached skill level 10 in Shields
 12586 | D:10     | Noticed a fire crab
 12598 | D:10     | Killed a fire crab
 12801 | D:10     | Noticed a ghost crab
 12811 | D:10     | Killed a ghost crab
 12956 | D:10     | Noticed a ghost crab
 12967 | D:10     | Killed a ghost crab
 12968 | D:10     | Noticed a ghost crab
 13213 | D:10     | Killed a ghost crab
 13360 | D:10     | Noticed an entropy weaver
 13369 | D:10     | Killed an entropy weaver
 13392 | D:10     | Mangled by an apocalypse crab

Vanquished Creatures
  2 entropy weavers (D:10)
  3 ghost crabs (D:10)
  A two-headed ogre (D:11)
  5 fire crabs (D:10)
  2 manticores
  3 centaur zombies (D:10)
  A gargoyle (D:8)
  A kobold demonologist (D:11)
  A troll (D:10)
  2 hornets
  3 wyverns
  Sigmund (D:5)
  A shadow (D:10)
  6 yaks (D:9)
  A steam dragon (D:9)
  3 basilisks (D:10)
  Menkaure (D:5)
  3 vampire mosquitoes (D:10)
  An acid dragon (D:8)
  2 water moccasins (D:7)
  A swamp drake (D:10)
  A sky beast (D:5)
  A black bear (D:5)
  3 ogres
  2 centaurs
  A gnoll sergeant (D:10)
  2 bullfrogs (D:8)
  2 scorpions
  A water moccasin skeleton (D:5)
  4 killer bees (D:11)
  5 howler monkeys
  9 orc priests
  A centaur skeleton (D:6)
  A hound (D:6)
  An iguana (D:4)
  8 orc wizards
  A hound zombie (D:5)
  A hound skeleton (D:4)
  4 gnolls (D:10)
  5 adders
  A shadow imp (D:5)
  A white imp (D:7)
  An adder zombie (D:5)
  An adder skeleton (D:4)
  A worm (D:4)
  4 dart slugs
  29 orcs
  4 endoplasms
  3 giant cockroaches
  7 goblins
  6 hobgoblins
  3 jackals (D:3)
  8 kobolds
  3 quokkas (D:2)
  3 ball pythons
  4 bats
  5 frilled lizards
  3 rats
184 creatures vanquished.

Vanquished Creatures (others)
  A withered plant (D:4)
1 creature vanquished.

Grand Total: 185 creatures vanquished

Table legend: (Time is in decaauts)
 A = Elapsed time spent in this place.
 B = Non-inter-level travel time spent in this place.
 C = Inter-level travel time spent in this place.
 D = Time resting spent in this place.
 E = Time spent auto-exploring this place.
 F = Levels seen in this place.
 G = Mean time per level.
                   A        B        C        D        E       F      G
               +--------+--------+--------+--------+--------+-----+--------+
         Total |  13536 |  13113 |    423 |   3276 |   8377 |  12 | 1128.0 |
       Dungeon |  13240 |  12827 |    413 |   3276 |   8121 |  11 | 1203.6 |
  Orcish Mines |    296 |    286 |     10 |      0 |    256 |   1 |  296.0 |
               +--------+--------+--------+--------+--------+-----+--------+

Top non-repeatable levels by time:
    D:10: 3241 daAuts
     D:8: 1459 daAuts
     D:9: 1218 daAuts
     D:5: 1174 daAuts
    D:11: 1017 daAuts
     D:4: 937 daAuts
     D:1: 925 daAuts
     D:2: 896 daAuts
     D:6: 878 daAuts
     D:3: 874 daAuts
     D:7: 617 daAuts
   Orc:1: 296 daAuts

Table legend:
 A = Non-vault XP
 B = Vault XP
 C = Vault XP percentage of total XP
 D = Non-vault monster count
 E = Vault monster count
 F = Vault count percentage of total count
                 A         B        C        D         E       F
            +---------+---------+-------+---------+---------+-------
      Total |   10231 |   10060 |  49.6 |     155 |      29 |  15.8
            +---------+---------+-------+---------+---------+-------
        D:1 |      32 |       0 |   0.0 |      20 |       0 |   0.0
        D:2 |      59 |       0 |   0.0 |      18 |       0 |   0.0
        D:3 |     147 |       0 |   0.0 |      24 |       0 |   0.0
        D:4 |     223 |       0 |   0.0 |      11 |       0 |   0.0
        D:5 |     577 |     384 |  40.0 |      10 |       2 |  16.7
        D:6 |     163 |       0 |   0.0 |       4 |       0 |   0.0
        D:7 |     419 |       0 |   0.0 |       5 |       0 |   0.0
        D:8 |    1195 |       0 |   0.0 |      10 |       0 |   0.0
        D:9 |    2682 |       0 |   0.0 |      18 |       0 |   0.0
       D:10 |    2435 |    9502 |  79.6 |      18 |      16 |  47.1
       D:11 |    2062 |     174 |   7.8 |      11 |      11 |  50.0
      Orc:1 |     237 |       0 |   0.0 |       6 |       0 |   0.0
            +---------+---------+-------+---------+---------+-------
